 Dungeon Crawl Stone Soup version 0.16-a0-3171-gce70061 (webtiles) character file.

497 Johnny the Bolt Thrower (level 7, 0/54 HPs)
             Began as a Human Hunter on Dec 16, 2014.
             Slain by Pikel
             ... wielding a +2 whip of flaming
              (7 damage)
             ... on level 4 of the Dungeon.
             The game lasted 00:04:20 (2914 turns).

Johnny the Bolt Thrower (Human Hunter)              Turns: 2914, Time: 00:04:20

Health: 0/54       AC:  7    Str: 12    XL:     7   Next: 39%
Magic:  7/7        EV: 12    Int: 13    God:
Gold:   150        SH:  0    Dex: 16    Spells: 0 memorised, 6 levels left

rFire  + . .     SeeInvis .     b - +1 hand crossbow
rCold  . . .     Clarity  .     r - +0 ring mail {rF+}
rNeg   . . .     SustAb   .     (no shield)
rPois  .         Gourm    .     (no helmet)
rElec  .         Spirit   .     (no cloak)
rCorr  .         Warding  .     n - +1 pair of gloves
rMut   .         Stasis   .     (no boots)
MR     .....                    (no amulet)
Stlth  +.........               (no ring)
                                o - +2 ring of intelligence

@: not resistant to hostile enchantments, very unstealthy
A: no striking features
a: no special abilities


You were on level 4 of the Dungeon.
You were near starving.

You visited 1 branch of the dungeon, and saw 4 of its levels.

You collected 150 gold pieces.

Inventory:

Hand weapons
 a - a +0 short sword
 b - a +1 hand crossbow (weapon)
Armour
 d - a +0 leather armour
 n - a +1 pair of gloves (worn)
 r - a +0 ring mail of fire resistance (worn)
Jewellery
 e - a cursed ring of teleportation {unknown}
 o - a +2 ring of intelligence (left hand)
Scrolls
 h - a scroll of enchant armour
 k - 2 scrolls of fog {unknown}
 m - 3 scrolls of identify {unknown}
 p - 3 scrolls of remove curse {unknown}
 q - a scroll of fear {unknown}
Potions
 l - a potion of magic
Comestibles
 f - a bread ration
 g - a slice of pizza
 i - a meat ration
 j - 2 royal jellies


   Skills:
 + Level 4.2 Fighting
 * Level 6.5 Crossbows
 + Level 3.9 Dodging
 - Level 1.0 Stealth


You had 6 spell levels left.
You didn't know any spells.

Dungeon Overview and Level Annotations

Branches:
Dungeon (4/15)
 Temple: D:4-7

Altars:
Xom

Annotations:
D:4 Pikel


Message History

Pikel hits you but does no damage.
Drink which item? (? for menu, Esc to quit)
Okay, then.
Found a whip.
There are no items here.
Things that are here:
a bolt; a bread ration
c - a bolt Pikel hits you with a whip of flaming.
* * * LOW HITPOINT WARNING * * *
Wield which item (- for none, * to show all)? (? for menu, Esc to quit)
b - a +1 hand crossbow (weapon)
Pikel hits you with a whip of flaming.
* * * LOW HITPOINT WARNING * * *
Firing (i - inventory):
c - a bolt (quivered)
Press: ? - help, Shift-Dir - straight line, f/p - Pikel
Aim: Pikel, wielding a whip of flaming and wearing a runed robe (almost dead)
You shoot a bolt. The bolt barely misses Pikel.
The slave hits you but does no damage. Pikel hits you with a whip of flaming!
You die...

#...[....# #.....#
#####
#........#####....?#
#...†
#.......(p((.p.....#
#....
#........#####.....#
#.... #........#
##.#### #####
#........######p#
#.............p.#
#......(.(...pK.####...
########..(.(.@..(.....
#...(...........
#..............
#.............. #
#######........ #
#....... # #.).... #
...### # ### ..##


You could see Pikel and 3 slaves.

Vanquished Creatures
  The ghost of Johnny the Bolt Thrower, an average HuHu (D:4)
  The ghost of Johnny the Bolt Thrower, an average HuHu (D:3)
  A hound (D:4)
  An iguana (D:4)
  7 adders
  4 worms
  An adder skeleton (D:4)
  3 giant geckos
  An ooze (D:1)
  2 orcs (D:3)
  2 ball pythons
  9 bats
  6 giant cockroaches
  7 hobgoblins
  8 jackals
  11 kobolds
  3 giant newts
  5 goblins
  3 rats
76 creatures vanquished.

Vanquished Creatures (others)
  A quokka (D:4)
  A rat (D:4)
2 creatures vanquished.

Grand Total: 78 creatures vanquished

Notes
Turn   | Place    | Note
--------------------------------------------------------------
     0 | D:1      | Johnny, the Human Hunter, began the quest for the Orb.
     0 | D:1      | Reached XP level 1. HP: 16/16 MP: 1/1
   125 | D:1      | Reached XP level 2. HP: 21/23 MP: 2/2
   709 | D:1      | Reached XP level 3. HP: 28/28 MP: 3/3
  1158 | D:2      | Reached XP level 4. HP: 34/34 MP: 4/4
  1237 | D:2      | Found a shimmering altar of Xom.
  1405 | D:2      | Reached skill level 5 in Crossbows
  1574 | D:3      | Reached XP level 5. HP: 41/41 MP: 5/5
  1577 | D:3      | Noticed a hippogriff
  1612 | D:2      | HP: 2/41 [hippogriff (4)]
  1777 | D:3      | Noticed Johnny's ghost (average HuHu)
  1861 | D:3      | Killed Johnny's ghost
  1920 | D:3      | Reached XP level 6. HP: 20/47 MP: 6/6
  2494 | D:4      | Noticed Johnny's ghost (average HuHu)
  2506 | D:4      | Killed Johnny's ghost
  2506 | D:4      | Reached skill level 6 in Crossbows
  2506 | D:4      | Reached XP level 7. HP: 45/54 MP: 7/7
  2843 | D:4      | Noticed a slave
  2844 | D:4      | Noticed Pikel
  2849 | D:4      | Noticed a slave
  2849 | D:4      | Noticed a slave
  2914 | D:4      | Slain by Pikel

Action                   |  1- 3 |  4- 6 |  7- 9 || total
-------------------------+-------+-------+-------++-------
Melee: Short sword       |       |       |    29 ||    29
 Fire: Hand crossbow     |    70 |   120 |    44 ||   234
  Use: Potion            |       |     4 |     2 ||     6
       Scroll            |       |     3 |       ||     3
  Eat: Bread ration      |       |     1 |       ||     1
